 Dungeon Crawl Stone Soup version 0.19-a0-174-g09de571 (webtiles) character file.

799 aurelian the Destroyer (level 7, -3/41 HPs)
             Began as an Octopode Conjurer on May 22, 2016.
             Slain by a sky beast (6 damage)
             ... on level 5 of the Dungeon.
             The game lasted 00:12:04 (7091 turns).

aurelian the Destroyer (Octopode Conjurer)          Turns: 7091, Time: 00:12:06

Health: -3/41      AC:  1    Str:  4 (7)  XL:     7   Next: 90%
Magic:  1/11       EV: 12    Int: 18 (20) God:
Gold:   235        SH:  0    Dex: 10 (12) Spells: 4 memorised, 2 levels left

rFire  . . .     SeeInvis .     n - staff of wizardry
rCold  . . .     Gourm    .     (no shield)
rNeg   . . .     Faith    .     (helmet restricted)
rPois  .         Spirit   .     (no amulet)
rElec  .         Dismiss  .     (no ring)
rCorr  .         Reflect  .     (no ring)
SustAt .         Harm     .     (no ring)
MR     .....                    (no ring)
Stlth  ++++......               (no ring)
                                (no ring)
                                (no ring)
                                (no ring)

@: not resistant to hostile enchantments, stealthy
A: almost no armour, amphibious, 8 rings, constrict 8, camouflage 1, gelatinous
body 1
a: no special abilities


You were on level 5 of the Dungeon.
You were not hungry.

You visited 1 branch of the dungeon, and saw 5 of its levels.

You collected 235 gold pieces.

Inventory:

Hand Weapons
 B - a +2 halberd of flaming
 C - a +0 club
Missiles
 c - 213 stones (quivered)
 d - 9 sling bullets
Magical Staves
 n - an uncursed staff of wizardry (weapon)
Jewellery
 j - an uncursed ring of flight {unknown}
 q - an uncursed ring of stealth {unknown}
Scrolls
 e - 4 scrolls of identify {unknown}
 f - 3 scrolls of random uselessness {unknown}
 h - a scroll of magic mapping {unknown}
 m - a scroll of teleportation {unknown}
 s - 3 scrolls of recharging {unknown}
 t - 3 scrolls of remove curse {unknown}
 u - a scroll of amnesia {unknown}
 v - a scroll of fog {unknown}
 y - 2 scrolls of enchant armour {unknown}
 A - a scroll of blinking {unknown}
Potions
 k - 4 potions of degeneration
 l - a potion of flight {unknown}
 o - a potion of cure mutation {unknown}
 p - 4 potions of curing {unknown}
 r - a potion of agility {unknown}
 w - a potion of brilliance {unknown}
 x - a potion of heal wounds {unknown}
 z - a potion of lignification {unknown}
Books
 a - a book of Conjurations

   Spells                             Type                      Level
   a - Magic Dart                     Conjuration                  1
   b - Searing Ray                    Conjuration                  2
   c - Dazzling Spray                 Conjuration/Hexes            3
   d - Fulminant Prism                Conjuration/Hexes            4
   e - Iskenderun's Mystic Blast      Conjuration                  4
   f - Iskenderun's Battlesphere      Conjuration/Charms           5
 D - a book of Death

   Spells                             Type                      Level
   a - Corpse Rot                     Necromancy                   2
   b - Sublimation of Blood           Necromancy                   2
   c - Agony                          Necromancy                   5
   d - Dispel Undead                  Necromancy                   5
   e - Excruciating Wounds            Charms/Necromancy            5
   f - Bolt of Draining               Conjuration/Necromancy       5
Comestibles
 b - 5 bread rations
 g - 3 meat rations
 i - a slice of pizza
 E - 4 chunks of flesh


   Skills:
 + Level 3.1 Dodging
 + Level 4.5 Stealth
 - Level 3.1 Spellcasting
 + Level 8.3 Conjurations


You had 2 spell levels left.
You knew the following spells:

 Your Spells              Type           Power        Failure   Level  Hunger
a - Magic Dart            Conj           ####         1%          1    None
b - Searing Ray           Conj           ####..       1%          2    ##.....
c - Dazzling Spray        Conj/Hex       ###...       4%          3    ###....
d - Iskenderun's Mystic   Conj           ####....     2%          4    ####...


Dungeon Overview and Level Annotations

Branches:
Dungeon (5/15)
 Temple: D:4-7

Altars:
Dithmenos
Pakellas


Innate Abilities, Weirdness & Mutations

You cannot wear most types of armour.
You are amphibious.
You can wear up to eight rings at the same time.
You can use your tentacles to constrict eight enemies at once.
Your skin changes colour to match your surroundings (Stealth).
Your rubbery body absorbs attacks (AC +1).


Message History

Press: ? - help, Shift-Dir - straight line, f/p - sky beast
Aim: a sky beast (heavily wounded)
The searing ray hits the sky beast.
The sky beast is heavily wounded.
The sky beast hits you.
* * * LOW HITPOINT WARNING * * *
The sky beast shocks you.
* * * LOW HITPOINT WARNING * * *
The sky beast flickers out of sight!
Deactivating autopickup; reactivate with Ctrl-A.
Drink which item? (? for menu, Esc to quit)
Okay, then.
Drink which item? (? for menu, Esc to quit)
It was a potion of degeneration.
There was something very wrong with that liquid.
You feel weakened.
You feel dopey.
You feel clumsy. Something hits you.
* * * LOW HITPOINT WARNING * * *
Something shocks you.
You die...

#############
#...g.......#
#.#.#######.#
#.#.#.....#)#
#.#.#.#.#.#.#
#.#...#)#...#
#.#####.#####
##########.#
#@#
>..........#
#{#
############
#.....#
#######
######


There were no monsters in sight!

Vanquished Creatures
  An ogre (D:4)
  A howler monkey (D:5)
  A crimson imp (D:5)
  A giant frog zombie (D:5)
  6 orc priests
  2 orc wizards (D:4)
  An iguana (D:4)
  A worker ant (D:4)
  A hound skeleton (D:4)
  Robin (D:4)
  7 adders
  6 gnolls
  An ooze (D:2)
  2 worms (D:2)
  4 dart slugs
  6 giant geckos
  16 orcs
  7 bats
  8 giant cockroaches
  13 hobgoblins
  17 jackals
  A quokka (D:2)
  2 ball pythons
  7 giant newts
  21 goblins
  A jackal skeleton (D:4)
  11 kobolds
  6 rats
152 creatures vanquished.

Notes
Turn   | Place    | Note
--------------------------------------------------------------
     0 | D:1      | aurelian the Octopode Conjurer began the quest for the Orb.
     0 | D:1      | Reached XP level 1. HP: 11/11 MP: 3/3
   289 | D:1      | Reached XP level 2. HP: 17/17 MP: 1/5
   862 | D:1      | Reached XP level 3. HP: 21/21 MP: 1/6
  1805 | D:2      | Reached XP level 4. HP: 27/27 MP: 1/8
  1867 | D:1      | Learned a level 2 spell: Searing Ray
  2259 | D:2      | Learned a level 3 spell: Dazzling Spray
  2572 | D:2      | Reached skill level 5 in Conjurations
  2916 | D:2      | Found an oddly glowing altar of Pakellas.
  3489 | D:3      | Reached XP level 5. HP: 31/31 MP: 6/9
  4037 | D:3      | Learned a level 4 spell: Iskenderun's Mystic Blast
  4041 | D:3      | Found a shadowy altar of Dithmenos.
  4158 | D:3      | Reached skill level 6 in Conjurations
  4682 | D:3      | Reached XP level 6. HP: 36/36 MP: 2/10
  5139 | D:4      | Reached skill level 7 in Conjurations
  5407 | D:4      | Noticed Robin
  5576 | D:4      | Reached XP level 7. HP: 41/41 MP: 7/11
  5727 | D:4      | Killed Robin
  6107 | D:4      | Reached skill level 8 in Conjurations
  6575 | D:5      | Entered Level 5 of the Dungeon
  7091 | D:5      | Slain by a sky beast

Vault maps used:
D:1:      dpeg_arrival_morbid_curiosity
D:2:      serial_forest, infiniplex_forest_diagonal,
          infiniplex_forest_clump_small, infiniplex_forest_lined_4_way,
          infiniplex_forest_clump_large, infiniplex_forest_lined_3,
          infiniplex_forest_3_way, minmay_fountain_box, grunt_pakellas_basics
D:3:      lemuel_round_altar, first_bread, minmay_strange_pillars
D:4:      st_stairs_7, kennysheep_generic_room_4, uniq_robin
D:5:      minmay_misc_feat_ornament, lightli_corner_chamber

Skill      XL: |  1  2  3  4  5  6  7 |
---------------+----------------------+-----
Stealth        | 3 4 |  4.5
Spellcasting   | 3 |  3.1
Conjurations   | 5 6 7 8 |  8.3
Dodging        | 3 |  3.1

Action                   |  1- 3 |  4- 6 |  7- 9 || total
-------------------------+-------+-------+-------++-------
Melee: Unarmed           |    10 |     4 |       ||    14
       Tentacles         |     3 |     1 |       ||     4
       Constrict         |     3 |     4 |       ||     7
       Staff             |       |     3 |       ||     3
 Cast: Magic Dart        |    83 |   164 |    54 ||   301
       Searing Ray       |       |    11 |    14 ||    25
  Use: Potion            |       |       |     1 ||     1
  Eat: Chunk             |     2 |    11 |     5 ||    18
       Beef jerky        |       |     1 |       ||     1
Armor: Skin              |     3 |       |     1 ||     4
Dodge: Dodged            |    17 |    23 |    13 ||    53
